 Dungeon Crawl Stone Soup version 0.31-a0-806-g0bc164a743 (webtiles) character file.

Game seed: 262602000444001209

1771 lunkers the Martial Artist (level 9, 0/106 HPs)
             Began as a Meteoran Shapeshifter on Sept 20, 2023.
             Was a Believer of Okawaru.
             Succumbed to a water moccasin's poison
             ... on level 7 of the Dungeon.
             The game lasted 00:05:18 (2912 turns).

lunkers the Martial Artist (Meteoran Shapeshifter)  Turns: 2912, Time: 00:05:19

Health: 0/106      AC: 28    Str: 16    XL:     9   Next: 53%
Magic:  12/13      EV:  2    Int: 12    God:    Okawaru [**....]
Gold:   387        SH:  0    Dex: 18    Spells: 8/8 levels left

rFire   . .          .
                       - Unarmed
rCold   . . .        (no shield)
rNeg    . . .        i - melded +0 leather armour {Will+}
rPois   +            (helmet currently unavailable)
rElec   .            (cloak currently unavailable)
rCorr   .            (gloves currently unavailable)
SInv    .            (boots currently unavailable)
Will    +....        m - amulet of the acrobat
Stlth   ++           t - +5 ring of evasion
HPRegen 0.37/turn    e - +4 ring of protection
MPRegen 0.13/turn

%: acrobat
@: lethally poisoned (0 -> 0), tree-form, heroic, glowing
A: stationary, stasis, torment immunity, boosted hp, sense surroundings 2,
otherworldly, glowing, explore regen
a: Renounce Religion, Heroism


You were on level 7 of the Dungeon.
You worshipped Okawaru.
Okawaru was pleased with you.
You were a tree.
You visited 1 branch of the dungeon, and saw 7 of its levels.

You collected 387 gold pieces.

Inventory:

Missiles
 u - a throwing net
Armour
 a - a +0 animal skin
 i - a +0 leather armour of willpower (melded)
 n - a +0 pair of gloves of hurling
Jewellery
 e - a +4 ring of protection (right branch)
 m - an amulet of the acrobat (around neck)
 t - a +5 ring of evasion (left branch)
Talismans
 c - a beast talisman
 d - a flux talisman
Wands
 v - a wand of flame (5)
 w - a wand of iceblast (11)
Scrolls
 f - 2 scrolls of teleportation {unknown}
 g - 2 scrolls of noise {unknown}
 k - a scroll of enchant armour {unknown}
 l - a scroll of vulnerability {unknown}
 q - a scroll of identify {unknown}
 r - a scroll of fog {unknown}
 s - a scroll of revelation {unknown}
Potions
 h - 3 potions of haste {unknown}
 j - a potion of resistance {unknown}
 o - a potion of heal wounds {unknown}
 p - a potion of ambrosia {unknown}


   Skills:
 + Level 3.7(8.7) Fighting
 + Level 4.2(9.2) Dodging
 * Level 10.2(15.2) Unarmed Combat
 - Level 4.0 Invocations
 + Level 7.2 Shapeshifting


You had 8 spell levels left.
You didn't know any spells.
Your spell library contained the following spells:

 Spells                   Type           Power      Damage    Failure   Level
 Apportation              Tloc           0%         N/A       32%         1
 Slow                     Hex            0%         N/A       32%         1
 Jinxbite                 Hex            0%         N/A       45%         2
 Lesser Beckoning         Tloc           0%         N/A       45%         2
 Confusing Touch          Hex            0%         N/A       69%         3
 Gell's Gravitas          Tloc           0%         N/A       69%         3
 Hailstorm                Conj/Ice       0%         3d3       69%         3
 Sigil of Binding         Hex            0%         N/A       69%         3
 Teleport Other           Tloc           0%         N/A       69%         3
 Vampiric Draining        Necr           0%         2d6       69%         3
 Alistair's Intoxication  Tmut/Pois      0%         N/A       100%        5
 Summon Ice Beast         Ice/Summ       Unusable   N/A       N/A         4
 Simulacrum               Ice/Necr       Unusable   N/A       N/A         6

Dungeon Overview and Level Annotations

Branches:
Dungeon (7/15) Zot: 1331
 Temple: D:4-7

Altars:
Ashenzari
Okawaru
Qazlal
Ru
Uskayaw
Vehumet
Zin

Shops:
D:3 *

Annotations:
D:3 2 transporters, trey113's ghost, amateur MiBe


Innate Abilities, Weirdness & Mutations

You are a tree.
Your roots penetrate the ground, keeping you stationary.
You cannot be teleported.
You are immune to unholy pain and torment.
Your maximum health is greatly increased.
Your equipment is partially melded.
You passively map the area around you.
You are easily found by Zot.
You glow in the dark.
You regain HP and MP as you explore.


Message History

* * * LOW HITPOINT WARNING * * *
The killer bee buzzes angrily.
You hit Maggie but do no damage.
You feel sick.
The killer bee stings you but does no damage.
You pummel Maggie!!
Maggie is heavily wounded.
You feel sick.
You hear an angry buzzing noise.
The killer bee stings you.
* * * LOW HITPOINT WARNING * * *
Maggie hits you with a +2 war axe of distortion.
* * * LOW HITPOINT WARNING * * *
Space warps horribly around you!
* * * LOW HITPOINT WARNING * * *
The killer bee stings you but does no damage.
A killer bee comes into view.
You pummel Maggie!!
You kill Maggie!
Okawaru is honoured by your kill.
The killer bee stings you but does no damage.
The steam dragon bites you but does no damage.
The steam dragon claws you but does no damage.
Training target 4.0 for Invocations reached!
Your base Dodging skill increases to level 4!
Your base Unarmed Combat skill increases to level 10!
Your Invocations skill increases to level 4!
Your Shapeshifting skill increases to level 7!
Unknown command.
You smack the steam dragon!
You punch the steam dragon.
The steam dragon is heavily wounded.
* * * LOW HITPOINT WARNING * * *
You feel sick.
The killer bee stings you but does no damage.
The killer bee barely misses you.
The killer bee stings you but does no damage. x2
The steam dragon bites you but does no damage.
The steam dragon claws you but does no damage.
You closely miss the steam dragon.
The steam dragon is heavily wounded.
You die...

, , , ##.#####.#
* , ,
,.........#* * ,
.........# , , ,*
, .........#* ,
*, , , , ,
.........######*
* ...y.....##..D
, , ,
......y..##.#####
, , ,
......y♣D...#...,
,, *
##....y.....#.###
*
#####........#<#,
* #....#...#.# ,
** *
*#....#...#.#, *
* ,,,
#....#...#.# * *
, ,
*#....#.#...#, ,
, ,
#....#.#(..#** *
* , ,
#....#.#.#.#** *


You could see a steam dragon and 4 killer bees.

Vanquished Creatures
  Maggie (D:7)
  2 water moccasins
  3 ogres
  A phantom (D:6)
  A bullfrog (D:6)
  2 scorpions
  4 wights (D:6)
  2 howler monkeys
  An orc priest (D:4)
  2 hounds (D:5)
  4 iguanas
  Natasha (twice) (D:4)
  An orc wizard (D:5)
  13 adders
  4 gnolls (D:6)
  A white imp (D:4)
  2 worms (D:4)
  2 dart slugs
  12 orcs
  3 bats
  5 endoplasms
  A giant cockroach (D:1)
  7 goblins
  2 hobgoblins
  A jackal (D:4)
  4 kobolds
  5 quokkas
  6 ball pythons
  2 frilled lizards
  5 rats
101 creatures vanquished.

Notes
Turn   | Place    | Note
-------+----------+-------------------------------------------
     0 | D:1      | lunkers the Meteoran Shapeshifter began the quest for the
                  | Orb.
     0 | D:1      | Reached XP level 1. HP: 16/16 MP: 2/2
   119 | D:1      | Reached XP level 2. HP: 15/23 MP: 3/3
   145 | D:1      | Reached skill level 4 in Unarmed Combat
   367 | D:1      | Reached XP level 3. HP: 28/28 MP: 4/4
   659 | D:2      | Reached XP level 4. HP: 35/35 MP: 5/5
   762 | D:2      | Found a glowing silver altar of Zin.
   834 | D:3      | Found a broken altar of Ashenzari.
   837 | D:3      | Reached skill level 5 in Unarmed Combat
   838 | D:3      | Found Zin's Purification Station.
   838 | D:3      | Found a glowing silver altar of Zin.
   945 | D:3      | Found a transporter.
   945 | D:3      | Noticed trey113's ghost (amateur MiBe)
   971 | D:3      | Found a transporter.
  1018 | D:3      | Found a stormy altar of Qazlal.
  1052 | D:3      | Found a radiant altar of Vehumet.
  1083 | D:3      | Reached XP level 5. HP: 22/40 MP: 6/6
  1144 | D:3      | Noticed an ogre
  1152 | D:3      | Killed an ogre
  1153 | D:3      | Reached skill level 6 in Unarmed Combat
  1153 | D:3      | Reached XP level 6. HP: 27/47 MP: 7/7
  1241 | D:4      | Noticed an ogre
  1252 | D:4      | Killed an ogre
  1253 | D:4      | Reached skill level 5 in Shapeshifting
  1299 | D:4      | Reached skill level 7 in Unarmed Combat
  1439 | D:4      | Noticed Natasha
  1446 | D:4      | Killed Natasha
  1447 | D:4      | Reached XP level 7. HP: 49/52 MP: 8/8
  1499 | D:4      | Noticed Natasha
  1510 | D:4      | Killed Natasha
  1773 | D:4      | Found an iron altar of Okawaru.
  1777 | D:4      | Found a hide-covered altar of Uskayaw.
  1809 | D:4      | Became a worshipper of Warmaster Okawaru
  1837 | D:5      | Entered Level 5 of the Dungeon
  1852 | D:5      | Reached skill level 8 in Unarmed Combat
  1899 | D:5      | Noticed a water moccasin
  1907 | D:5      | Killed a water moccasin
  1908 | D:5      | Reached skill level 1 in Invocations
  1908 | D:5      | Reached XP level 8. HP: 55/59 MP: 9/9
  2178 | D:5      | Found a sacrificial altar of Ru.
  2195 | D:5      | Identified the +6 shortbow of Xaigiroi {antimagic, Int+4
                  | Dex+3}
  2659 | D:6      | Reached * piety under Okawaru
  2719 | D:6      | Reached skill level 9 in Unarmed Combat
  2859 | D:6      | Gained mutation: You passively map the area around you.
                  | [Meteoran growth]
  2859 | D:6      | Reached XP level 9. HP: 68/68 MP: 12/12
  2897 | D:7      | Noticed Maggie
  2901 | D:7      | Reached ** piety under Okawaru
  2909 | D:7      | HP: 2/105 [Maggie/+2 war axe of distortion (14)]
  2910 | D:7      | Killed Maggie
  2911 | D:7      | Reached skill level 10 in Unarmed Combat
  2912 | D:7      | Succumbed to a water moccasin's poison

Illustrated notes

Levels and vault maps discovered:
D:1:      onia_arrival_mini_maze_b, layout_basic
D:2:      layout_loops_ring, basic_altar, chequers_serial_rivers_micro_c,
          grunt_decor_one_mirror
D:3:      layout_basic, nicolae_qazlal_eye_of_the_storm,
          mainiacjoe_overflow_large_starburst, zin_purify,
          gammafunk_ghost_stat_death
D:4:      layout_basic, jmf_multi_god_temple, hangedman_minor_gate_pass,
          uniq_natasha, uniq_pikel
D:5:      layout_loops_ring, amcnicky_altar_gilded
D:6:      layout_layer_cave, minmay_temple_entry_proselytizer,
          minmay_strange_pillars
D:7:      layout_basic, kennysheep_mini_moat, uniq_maggie

Skill      XL: |  1  2  3  4  5  6  7  8  9 |
---------------+----------------------------+-----
Unarmed Combat | 4 5 6 7 8 9 10 | 10.2
Shapeshifting  | 4 5 6 7 |  7.2
Invocations    | 1 2 4 |  4.0
Fighting       | 2 3 |  3.7
Dodging        | 3 4 |  4.2

Action                     |  1- 3 |  4- 6 |  7- 9 || total
---------------------------+-------+-------+-------++-------
  Melee: Unarmed           |    67 |    78 |   178 ||   323
         Punch             |     4 |     4 |     9 ||    17
 Invoke: Heroism           |       |       |     1 ||     1
    Use: Potion            |       |       |     1 ||     1
 Armour: Animal skin       |    33 |     5 |       ||    38
         Leather armour    |       |    30 |    61 ||    91
         Skin              |       |       |    13 ||    13
  Dodge: Dodged            |    50 |    42 |   101 ||   193

Table legend: (Time is in decaauts)
 A = Elapsed time spent in this place.
 B = Non-inter-level travel time spent in this place.
 C = Inter-level travel time spent in this place.
 D = Time resting spent in this place.
 E = Time spent auto-exploring this place.
 F = Levels seen in this place.
 G = Mean time per level.
                   A        B        C        D        E       F      G
               +--------+--------+--------+--------+--------+-----+--------+
         Total |   2868 |   2771 |     97 |      0 |   2011 |   7 |  409.7 |
       Dungeon |   2868 |   2771 |     97 |      0 |   2011 |   7 |  409.7 |
               +--------+--------+--------+--------+--------+-----+--------+

Top non-repeatable levels by time:
     D:4: 590 daAuts
     D:5: 538 daAuts
     D:6: 483 daAuts
     D:2: 451 daAuts
     D:3: 397 daAuts
     D:1: 376 daAuts
     D:7: 29 daAuts
